 Dungeon Crawl Stone Soup version 0.29.1-12-g30fa7ad0bf (webtiles) character file.

Game seed: 12731542743554981091

826 raph the Chopper (level 7, -1/55 HPs)
             Began as a Demonspawn Transmuter on Dec 29, 2022.
             Was a Believer of Ashenzari.
             Slain by a gnoll
             ... wielding a +1 spear of venom
             ... led by a gnoll bouda
              (5 damage)
             ... on level 5 of the Dungeon.
             The game lasted 00:06:34 (4462 turns).

raph the Chopper (Demonspawn Transmuter)            Turns: 4462, Time: 00:06:35

Health: -1/55      AC:  3    Str: 10    XL:     7   Next: 64%
Magic:  11/11      EV: 14    Int: 17    God:    Ashenzari [**....]
Gold:   218        SH:  0    Dex: 18    Spells: 6/12 levels left

rFire   . . .      SeeInvis +   i - +9 war axe of Ashenzari's Planets {elec, *Noise Dex+5, Self, Melee} (curse)
rCold   . . .      Faith    .   (no shield)
rNeg    . . .      Spirit   .   a - +0 robe of the Ruined God {Cun, Range} (curse)
rPois   .          Reflect  .   (no helmet)
rElec   .          Harm     .   (no cloak)
rCorr   .          Rampage  .   e - +0 pair of gloves of Ashenzari's Vision {Comp, Fort} (curse)
Will    .....                   (no boots)
Stlth   ++........              (no amulet)
HPRegen 2.18/turn               (no ring)
MPRegen 0.12/turn               (no ring)

@: mighty, lethally poisoned (-1 -> -8)
A: claws 1, ignite blood 3, powered by death 2
a: Renounce Religion, Curse Item, Shatter the Chains


You were on level 5 of the Dungeon.
You worshipped Ashenzari.
Ashenzari was pleased with you.
You visited 1 branch of the dungeon, and saw 5 of its levels.

You collected 218 gold pieces.

Inventory:

Hand Weapons
 i - the cursed +9 war axe of Ashenzari's Planets (weapon) {elec, *Noise Dex+5, Self, Melee}
   (You found it on level 2 of the Dungeon)

   It occasionally discharges a powerful burst of electricity upon striking a
   foe.
   Dex:       It affects your dexterity (+5).
   *Noise:    It may make noises in combat.
   It has a curse which improves the following skills: Introspection: Fighting
   and Spellcasting.
   Melee Combat: Short Blades, Long Blades, Axes, Maces & Flails, Polearms,
   Staves and Unarmed Combat.
Armour
 a - the cursed +0 robe of the Ruined God (worn) {Cun, Range}

   It has a curse which improves the following skills: Cunning: Dodging and
   Stealth.
   Ranged Combat: Ranged Weapons and Throwing.
 e - the cursed +0 pair of gloves of Ashenzari's Vision (worn) {Comp, Fort}
   (You found it on level 1 of the Dungeon)

   It has a curse which improves the following skills: Companions: Summonings
   and Necromancy.
   Fortitude: Armour and Shields.
 t - a +1 robe of the Archmagi
Jewellery
 j - a ring of ice
Wands
 q - a wand of roots (9)
Scrolls
 d - 3 scrolls of fear
 f - 6 scrolls of teleportation
 h - 2 scrolls of fog
 k - a scroll of amnesia
 m - 3 scrolls of immolation
 o - 2 scrolls of blinking
 r - a scroll of magic mapping
Potions
 b - 2 potions of lignification
 c - 2 potions of flight
 g - 4 potions of haste
 l - a potion of magic
 n - a potion of heal wounds
 p - 3 potions of brilliance


   Skills:
 + Level 3.6(4.7) Fighting
 * Level 4.4(5.6) Axes
 + Level 3.7(4.8) Dodging
 - Level 3.2(4.3) Unarmed Combat
 - Level 2.0(3.0) Spellcasting
 + Level 4.1 Transmutations


You had 6 spell levels left.
You knew the following spells:

 Your Spells              Type           Power      Damage    Failure   Level
a - Beastly Appendage     Tmut           32%        N/A       3%          1
b - Wereblood             Tmut           16%        N/A       4%          2
c - Spider Form           Tmut/Pois      9%         N/A       22%         3

Your spell library contained the following spells:

 Spells                   Type           Power      Damage    Failure   Level
 Summon Guardian Golem    Hex/Summ       2%         N/A       45%         3
 Ice Form                 Ice/Tmut       9%         N/A       58%         4
 Orb of Destruction       Conj           1%         9d5       100%        7
 Spellforged Servitor     Conj/Summ      1%         N/A       100%        7


Dungeon Overview and Level Annotations

Branches:
Dungeon (5/15)             Temple (0/1) D:4

Altars:
Ashenzari
Uskayaw
Vehumet


Innate Abilities, Weirdness & Mutations

You have sharp fingernails.
Your demonic aura causes all spilled blood to erupt in flames.
You regenerate health from kills.


Message History

You howl as the wereblood boils in your veins!
The gnoll bouda is engulfed in blazing flames.
The gnoll bouda barks out a call to the hunt!
The gnoll picks up the pace!
You slice the gnoll bouda!!
You feel a bit better.
You kill the gnoll bouda!
You howl as the wereblood boils in your veins!
A gnoll comes into view. It is wielding a +0 whip.
Your primal bloodlust is almost over.
A gnoll comes into view. It is wielding a +0 whip.
The gnoll shouts! x2
You closely miss the gnoll. You slash the gnoll!
You feel a bit better.
You kill the gnoll!
Your primal bloodlust has ended.
The gnoll hits you from afar with a +1 spear of venom.
You are poisoned.
The gnoll closely misses you.
You slash the gnoll!
The gnoll is severely wounded.
You feel very sick. The gnoll misses you. The gnoll hits you with a +0 whip.
The gnoll closely misses you.
You feel sick.
You slash the gnoll! Lightning courses through the gnoll!
You kill the gnoll!
You feel sick.
The gnoll hits you from afar with a +1 spear of venom!
You are more poisoned.
You feel very sick.
The gnoll hits you with a +1 spear of venom.
* * * LOW HITPOINT WARNING * * *
You are lethally poisoned!
Things that are here:
a +0 whip; a throwing net; a gnoll corpse You barely miss the gnoll.
The gnoll is moderately wounded.
* * * LOW HITPOINT WARNING * * *
You feel extremely sick.
The gnoll hits you with a +1 spear of venom.
You die...

##....._..†........(......
#..#.......##.##.#########
########..#..†....##....#
#........##....†..##.####
#.######.#####.#####.# #.#
#.# #...# #.# #.# #.#
#.#.# #.# #.# #.#
##.#.####.####### #.# #.#
#..?§@?......Dg.. #.# #.#
#..#§○g...####### #.#
#.###..##○###)# #.#
#<...........†# *, ..#
#####..##.###.# .##
#..##.# #.# * .# #..##.#
#.# , .# #..##.# #.# .#
#..##.# #.#


You could see a gnoll (swift).

Vanquished Creatures
  Sigmund (D:3)
  A steam dragon (D:5)
  A black bear (D:4)
  A necrophage (D:5)
  2 gnoll boudas
  2 orc priests (D:3)
  Natasha (twice) (D:3)
  An orc wizard (D:4)
  A statue (D:4)
  5 gnolls
  3 adders (D:4)
  2 ufetubi
  6 dart slugs
  6 orcs
  5 bats
  7 endoplasms
  3 giant cockroaches
  3 goblins
  6 hobgoblins
  9 kobolds
  A quokka (D:1)
  4 ball pythons
  5 frilled lizards
  5 rats
82 creatures vanquished.

Notes
Turn   | Place    | Note
-------+----------+-------------------------------------------
     0 | D:1      | raph the Demonspawn Transmuter began the quest for the Orb.
     0 | D:1      | Reached XP level 1. HP: 15/15 MP: 3/3
   569 | D:1      | Found a faded altar of an unknown god.
   589 | D:1      | Gained mutation: Your demonic aura sometimes causes spilled
                  | blood to erupt in flames. [demonic ancestry]
   589 | D:1      | Reached XP level 2. HP: 17/21 MP: 3/5
  1534 | D:2      | Identified the +9 war axe "Jion" {elec, *Noise Dex+5}
  1613 | D:1      | Prayed at the altar of an unknown god.
  1613 | D:1      | Became a worshipper of Ashenzari the Shackled
  1676 | D:2      | Learned a level 2 spell: Wereblood
  1735 | D:2      | Identified the +6 quarterstaff of Wyrd {antimagic, Str+3
                  | Dex+5}
  1738 | D:2      | Gained mutation: You regenerate a little health from kills.
                  | [demonic ancestry]
  1738 | D:2      | Reached XP level 3. HP: 26/26 MP: 4/6
  2272 | D:3      | Noticed Sigmund
  2278 | D:3      | Killed Sigmund
  2279 | D:3      | Gained mutation: You regenerate health from kills. [demonic
                  | ancestry]
  2279 | D:3      | Reached XP level 4. HP: 21/34 MP: 3/7
  2279 | D:3      | Gained mutation: Your demonic aura often causes spilled
                  | blood to erupt in flames. [demonic ancestry]
  2279 | D:3      | Reached XP level 5. HP: 24/39 MP: 3/8
  2497 | D:3      | Reached * piety under Ashenzari
  2614 | D:3      | Gained mutation: Your demonic aura causes all spilled blood
                  | to erupt in flames. [demonic ancestry]
  2614 | D:3      | Reached XP level 6. HP: 43/47 MP: 7/9
  3000 | D:3      | Noticed Natasha
  3005 | D:3      | Killed Natasha
  3144 | D:3      | Noticed Natasha
  3149 | D:3      | Killed Natasha
  3200 | D:4      | Found a staircase to the Ecumenical Temple.
  3317 | D:4      | Reached ** piety under Ashenzari
  3476 | D:4      | Found a radiant altar of Vehumet.
  3707 | D:4      | Gained mutation: You have sharp fingernails. [demonic
                  | ancestry]
  3707 | D:4      | Reached XP level 7. HP: 47/54 MP: 11/11
  3825 | D:4      | Learned a level 3 spell: Spider Form
  4045 | D:5      | Entered Level 5 of the Dungeon
  4353 | D:5      | Found a hide-covered altar of Uskayaw.
  4429 | D:5      | Noticed a steam dragon
  4448 | D:5      | Killed a steam dragon
  4462 | D:5      | Slain by a gnoll

Illustrated notes

Levels and vault maps discovered:
D:1:      minmay_arrival_glassed_features, layout_loops_corners,
          ebering_ecumenical_altar_mist, hangedman_decor_riveting,
          kennysheep_nondescript
D:2:      layout_rooms
D:3:      layout_loops_corners, uniq_sigmund, uniq_natasha
D:4:      layout_gridville, vehumet_statue, mainiacjoe_overflow_24_doors,
          minmay_temple_entry_antechambers
D:5:      kennysheep_big_flooded_room, layout_loops_ring,
          nicolae_uskayaw_murder_on_the_dancefloor,
          nicolae_sif_muna_little_library

Skill      XL: |  1  2  3  4  5  6  7 |
---------------+----------------------+-----
Transmutations | 2 3 4 |  4.1
Unarmed Combat | 3 |  3.2
Fighting       | 2 3 |  3.6
Axes           | 2 3 4 |  4.4
Dodging        | 2 3 |  3.7
Spellcasting   | |  2.0

Action                   |  1- 3 |  4- 6 |  7- 9 || total
-------------------------+-------+-------+-------++-------
Melee: Unarmed           |    47 |       |       ||    47
       Kick              |    12 |       |     1 ||    13
       Headbutt          |     4 |       |       ||     4
       Punch             |     1 |     1 |       ||     2
       War axe           |    20 |    64 |    31 ||   115
 Cast: Beastly Appendage |    20 |       |     2 ||    22
       Wereblood         |     3 |     1 |     1 ||     5
Invok: Curse Item        |     1 |     2 |       ||     3
Evoke: Wand              |       |       |     1 ||     1
  Use: Potion            |     1 |       |     2 ||     3
 Stab: Sleeping          |     5 |     2 |       ||     7
Armor: Robe              |    20 |     3 |     5 ||    28
Dodge: Dodged            |    46 |    57 |    19 ||   122
